 Dungeon Crawl Stone Soup version 0.31-a0-1074-g0b22e4e0f1 (webtiles) character file.

Game seed: 10567069638808304768

665 sammy202020 the Covered (level 7, -3/44 HPs)
             Began as a Gargoyle Fighter on Nov 26, 2023.
             Slain by a large abomination (13 damage)
             ... on level 1 of the Abyss.
             The game lasted 00:06:45 (4237 turns).

sammy202020 the Covered (Gargoyle Fighter)          Turns: 4237, Time: 00:06:46

Health: -3/44      AC: 32    Str: 20    XL:     7   Next: 57%
Magic:  0/0        EV: 11    Int: 10    God:
Gold:   159        SH:  5    Dex:  9    Spells: 6/6 levels left

rFire   . . .        x - +4 mace (protect)
rCold   + + +        c - +1 buckler
rNeg    + . .        m - +6 leather armour "Oxakife" {+Inv rC+++ rCorr MP-9}
rPois   ∞            q - +1 hat
rElec   +            n - +0 cloak
rCorr   +            l - +2 pair of gloves
SInv    .            s - +0 pair of boots
Will    .....        (no amulet)
Stlth   +            t - +4 ring of protection
HPRegen 0.27/turn    (no ring)
MPRegen 0.07/turn

%: no passive effects
@: under a protective aura
A: sickness immunity, AC +4, negative energy resistance 1, electricity
resistance, torment resistance 1, petrification resistance
a: Evoke Invisibility


You were on level 1 of the Abyss.
You visited 1 branch of the dungeon, and saw 5 of its levels.
You visited the Abyss 1 time.

You collected 159 gold pieces.

Inventory:

Hand Weapons
 a - a +0 flail
 x - a +4 mace of protection (weapon)
Missiles
 f - 58 stones
Armour
 c - a +1 buckler (worn)
 l - a +2 pair of gloves (worn)
 m - the +6 leather armour "Oxakife" (worn) {+Inv rC+++ rCorr MP-9}
   (You took it off an orc on level 5 of the Dungeon)

   rC+++:     It renders you almost immune to cold.
   MP-9:      It affects your magic capacity (-9).
   +Inv:      It lets you turn invisible.
   rCorr:     It protects you from acid and corrosion.
 n - a +0 cloak (worn)
 p - a +0 helmet
 q - a +1 hat (worn)
 s - a +0 pair of boots (worn)
 w - a +0 chain mail
Jewellery
 t - a +4 ring of protection (left hand)
Wands
 g - a wand of charming (9)
 o - a wand of digging (6)
 u - a wand of flame (6)
Scrolls
 b - a scroll of fog
 h - a scroll of torment {unknown}
 i - 3 scrolls of blinking
 j - 3 scrolls of teleportation
 y - 2 scrolls of enchant armour
Potions
 d - a potion of might
 e - 3 potions of curing
 k - a potion of resistance


   Skills:
 * Level 5.2 Fighting
 * Level 4.1 Maces & Flails
 * Level 5.3 Armour
 + Level 1.9 Dodging
 * Level 5.2 Shields


You had 6 spell levels left.
You didn't know any spells.
Your spell library was empty.

Dungeon Overview and Level Annotations

Branches:
Dungeon (5/15)
 Temple: D:4-7

Altars:
Sif Muna


Innate Abilities, Weirdness & Mutations

You are immune to sickness and miasma.
Your stone body is resilient. (AC +4)
You are immune to poison.
You resist negative energy. (rN+)
You are resistant to electric shocks. (rElec)
You are resistant to unholy torment.
You are immune to petrification.


Message History

You are too injured to fight recklessly!
You are too injured to fight recklessly!
You are too injured to fight recklessly!
You are too injured to fight recklessly!
You are too injured to fight recklessly!
You are too injured to fight recklessly!
You are too injured to fight recklessly!
You are too injured to fight recklessly!
You are too injured to fight recklessly!
You are too injured to fight recklessly!
You are too injured to fight recklessly!
You are too injured to fight recklessly!
You are too injured to fight recklessly!
You are too injured to fight recklessly!
You are too injured to fight recklessly!
You are too injured to fight recklessly!
You are too injured to fight recklessly!
You hit the large abomination but do no damage.
The large abomination is lightly damaged.
The large abomination hits you but does no damage.
You hit the large abomination.
The large abomination is lightly damaged.
The large abomination barely misses you.
You hit the large abomination but do no damage.
The large abomination is lightly damaged.
You block the large abomination's attack.
You hit the large abomination but do no damage.
The large abomination is lightly damaged.
The large abomination hits you but does no damage.
You hit the large abomination but do no damage.
The large abomination is lightly damaged.
The large abomination hits you.
* * * LOW HITPOINT WARNING * * *
The large abomination hits you.
* * * LOW HITPOINT WARNING * * *
You completely miss the large abomination.
The large abomination is lightly damaged.
A small abomination comes into view.
The large abomination hits you!
You die...

... #..# # . ....#
###x....
...#..##..# . .#
##....#...##......
#...# .....#..###.
#.#..##...##..##
#...............#
#.#....#.....#.
#...#.@......... #
#..X#...##..##
#..#.##.# ... ....
# .# ##. #### ..
##


You could see a large abomination and a small abomination (wandering).

Vanquished Creatures
  A gnoll sergeant (D:5)
  A scorpion (D:4)
  2 jellies
  An orc priest (D:5)
  2 hounds (D:4)
  2 iguanas (D:5)
  A sleepcap (D:5)
  Ijyb (D:4)
  2 orc wizards
  Robin (D:4)
  3 gnolls (D:5)
  8 adders
  A white imp (Abyss:1)
  A worm (D:3)
  4 dart slugs
  10 orcs
  8 ball pythons
  10 endoplasms
  5 giant cockroaches
  8 goblins
  10 hobgoblins
  8 jackals
  6 quokkas
  4 bats
  5 frilled lizards
  9 kobolds
  3 rats
117 creatures vanquished.

Notes
Turn   | Place    | Note
-------+----------+-------------------------------------------
     0 | D:1      | sammy202020 the Gargoyle Fighter began the quest for the
                  | Orb.
     0 | D:1      | Reached XP level 1. HP: 14/14 MP: 1/1
   233 | D:1      | Reached XP level 2. HP: 19/19 MP: 2/2
   718 | D:1      | Reached XP level 3. HP: 14/23 MP: 3/3
  1217 | D:2      | Reached XP level 4. HP: 29/29 MP: 4/4
  1845 | D:3      | Reached skill level 1 in Dodging
  1845 | D:3      | Reached XP level 5. HP: 33/33 MP: 5/5
  2682 | D:4      | Found a shimmering blue altar of Sif Muna.
  2785 | D:4      | Identified the +10 whip of Currency {freeze, *Rage *Corrode
                  | +Blink rPois}
  2851 | D:4      | Reached XP level 6. HP: 39/39 MP: 6/6
  3148 | D:4      | Noticed Ijyb
  3148 | D:4      | Noticed Robin
  3157 | D:4      | Killed Ijyb
  3158 | D:4      | Killed Robin
  3648 | D:5      | Entered Level 5 of the Dungeon
  3702 | D:5      | Reached skill level 5 in Armour
  3702 | D:5      | Reached XP level 7. HP: 44/44 MP: 7/7
  3712 | D:5      | Reached skill level 5 in Shields
  3719 | D:5      | Reached skill level 5 in Fighting
  3998 | D:5      | Identified the +6 leather armour "Oxakife" {+Inv rC+++
                  | rCorr MP-9}
  4200 | Abyss:1  | Cast into level 1 of the Abyss (gnoll sergeant)
  4224 | Abyss:1  | Noticed a large abomination
  4237 | Abyss:1  | Slain by a large abomination

Illustrated notes

Levels and vault maps discovered:
D:1:      erik_arrival_triangle_small, layout_loops_corners, st_stairs_9
D:2:      layout_rooms, interstate_on_off, nicolae_eternal_life, nrook_uturn
D:3:      layout_loops_ring
D:4:      minmay_inner_zag, layout_basic, mainiacjoe_overflow_paths,
          nicolae_goblin_pals
D:5:      minmay_diamond_boxcup, layout_loops_ring,
          nicolae_ossuary_entry_catacombs, chequers_serial_rivers_small_b,
          lemuel_flame_loot_1
Abyss:1:  base:
D:3

Skill      XL: |  1  2  3  4  5  6  7 |
---------------+----------------------+-----
Fighting       | 4 5 |  5.2
Shields        | 4 5 |  5.2
Armour         | 4 5 |  5.3
Dodging        | 1 |  1.9
Maces & Flails | 3 4 |  4.1

Action                     |  1- 3 |  4- 6 |  7- 9 || total
---------------------------+-------+-------+-------++-------
  Melee: Flail             |   118 |   154 |       ||   272
         Whip              |       |    21 |       ||    21
         Mace              |       |    52 |    66 ||   118
    Use: Scroll            |     3 |     7 |       ||    10
         Potion            |       |     1 |     1 ||     2
 Armour: Scale mail        |    92 |   116 |       ||   208
         Chain mail        |       |    38 |    38 ||    76
         Leather armour    |       |       |    10 ||    10
  Dodge: Dodged            |    74 |   102 |    11 ||   187
  Block: Buckler           |    32 |    63 |    14 ||   109

Table legend: (Time is in decaauts)
 A = Elapsed time spent in this place.
 B = Non-inter-level travel time spent in this place.
 C = Inter-level travel time spent in this place.
 D = Time resting spent in this place.
 E = Time spent auto-exploring this place.
 F = Levels seen in this place.
 G = Mean time per level.
                   A        B        C        D        E       F      G
               +--------+--------+--------+--------+--------+-----+--------+
         Total |   4371 |   4299 |     72 |     45 |   3077 |   6 |  728.5 |
       Dungeon |   4332 |   4260 |     72 |     45 |   3061 |   5 |  866.4 |
         Abyss |     38 |     38 |      0 |      0 |     16 |   1 |   38.0 |
               +--------+--------+--------+--------+--------+-----+--------+

Top non-repeatable levels by time:
     D:1: 1140 daAuts
     D:4: 1095 daAuts
     D:3: 809 daAuts
     D:2: 712 daAuts
     D:5: 575 daAuts
 Abyss:1: 38 daAuts
